 Dungeon Crawl Stone Soup version 0.28.0-53-g5a82cb258f (webtiles) character file.

Game seed: 15843143997489181191

3860 infcreate the Covert (level 9, -1/45 HPs)
             Began as a Vampire Enchanter on Aug 8, 2022.
             Was an Initiate of Dithmenos.
             Slain by a gnoll (4 damage)
             ... on level 8 of the Dungeon.
             The game lasted 00:23:37 (11455 turns).

infcreate the Covert (Vampire Enchanter)           Turns: 11455, Time: 00:23:38

Health: -1/45      AC:  8    Str:  7    XL:     9   Next: 99%
Magic:  11/18      EV: 16    Int: 18    God:    Dithmenos [......]
Gold:   417        SH:  0    Dex: 18    Spells: 9/20 levels left

rFire   . . .      SeeInvis +   G - +2 short sword (flame)
rCold   + + .      Faith    .   (no shield)
rNeg    + + +      Spirit   .   b - +0 robe
rPois   ∞          Reflect  .   B - +1 helmet
rElec   .          Harm     .   t - +1 cloak
rCorr   .          Rampage  .   (no gloves)
Will    .....                   v - +1 pair of boots
Stlth   +++++++...              (no amulet)
HPRegen 0.00/turn               (no ring)
MPRegen 0.16/turn               (no ring)

@: about to teleport, bloodless, inhibited regen
A: bloodless, fangs 3, see invisible, vampiric 2
a: Bat Form, Revivify, Renounce Religion


You were on level 8 of the Dungeon.
You worshipped Dithmenos.
Dithmenos was noncommittal.
You visited 2 branches of the dungeon, and saw 9 of its levels.
You also visited: Sewer.

You collected 417 gold pieces.


Innate Abilities, Weirdness & Mutations

You do not regenerate when monsters are visible.
You are frail without blood (-20% HP).
You can heal yourself when you bite living creatures.
You are immune to poison.
You have razor-sharp teeth.
You have supernaturally acute eyesight. (SInv)
You are afflicted with vampirism and can become a bat while bloodless.


   Skills:
 + Level 7.0 Short Blades
 + Level 7.4 Dodging
 + Level 10.9 Stealth
 + Level 6.2 Spellcasting
 + Level 10.2 Hexes


You had 9 spell levels left.
You knew the following spells:

 Your Spells              Type           Power      Damage    Failure   Level
c - Confusing Touch       Hex            42%        N/A       1%          3
d - Tukima's Dance        Hex            42%        N/A       1%          3
e - Ensorcelled Hibernat  Hex/Ice        46%        N/A       2%          2
f - Dazzling Flash        Conj/Hex       46%        N/A       4%          3

Your spell library contained the following spells:

 Spells                   Type           Power      Damage    Failure   Level
 Animate Skeleton         Necr           10%        N/A       12%         1
 Apportation              Tloc           10%        N/A       12%         1
 Summon Small Mammal      Summ           20%        N/A       12%         1
 Alistair's Intoxication  Tmut/Pois      3%         N/A       97%         5
 Borgnjor's Vile Clutch   Necr/Erth      2%         N/A       97%         5
 Eringya's Noxious Bog    Tmut/Pois      2%         N/A       100%        6

Inventory:

Hand Weapons
 a - a +1 dagger
 G - a +2 short sword of flaming (weapon)
Missiles
 g - 296 stones
 i - 10 poisoned darts (quivered)
 z - a throwing net {=f}
Armour
 b - a +0 robe (worn)
 t - a +1 cloak (worn)
 v - a +1 pair of boots (worn)
 B - a +1 helmet (worn)
Magical Staves
 C - a staff of conjuration {!a}
Jewellery
 F - a ring of fire
Wands
 m - a wand of acid (10)
 A - a wand of paralysis (4)
 D - a wand of mindburst (4)
Scrolls
 e - 2 scrolls of magic mapping
 j - 2 scrolls of summoning
 n - 3 scrolls of teleportation {@r2}
 p - a scroll of enchant weapon
 q - 2 scrolls of fear
 u - 2 scrolls of vulnerability
 w - a scroll of fog
 x - a scroll of immolation
 y - 2 scrolls of amnesia
 E - a scroll of identify {@r1}
Potions
 c - 2 potions of invisibility
 d - a potion of magic {unknown}
 f - a potion of berserk rage {unknown}
 h - a potion of attraction {unknown}
 k - a potion of ambrosia {unknown}
 o - 3 potions of flight
 r - a potion of lignification {unknown}
 s - a potion of heal wounds {unknown}
 H - a potion of might {unknown}

Dungeon Overview and Level Annotations

Branches:
Dungeon (8/15)             Temple (1/1) D:7           Sewer (visited)
   Lair: D:8-11

Altars:
Ashenzari
Cheibriados
Dithmenos
Elyvilon
Fedhas
Gozag
Hepliaklqana
Kikubaaqudgha
Makhleb
Nemelex Xobeh
Okawaru
Qazlal
Ru
Sif Muna
Trog
Uskayaw
Vehumet
Wu Jian
Xom
Yredelemnul
Zin
The Shining One

##........##
#..........###
.............##
........^.....##
...............##
................#
................##
.................#
#.......@......###
......cgg...####
##.....{#####
######.g## ##.g#
##g...... ..g....
....... .......


You could see a centaur warrior (confused), 2 gnolls and a friendly +0 club.


Message History

A gnoll comes into view. It is wielding a +0 club.
The gnoll moves out of view.
A gnoll sergeant comes into view. It is wielding a +0 spear.
You struggle against the net.
You shred the net and break free! The gnoll barely misses you.
The gnoll barely misses you.
Casting: Tukima's Dance (safe; 1% risk of failure)
Confirm with . or Enter, or press ? or * to list all spells.
Your hands begin to glow red.
The gnoll barely misses you.
The centaur warrior shoots an arrow.
The arrow hits you!
* * * LOW HITPOINT WARNING * * *
Unknown command.
The centaur warrior unwields a +0 longbow.
The centaur warrior barely misses you. The centaur warrior kicks you.
* * * LOW HITPOINT WARNING * * *
The gnoll closely misses you. The gnoll barely misses you.
Unknown command.
You hit the centaur warrior but do no damage.
The centaur warrior appears confused.
The gnoll misses you. The gnoll barely misses you.
The gnoll barely misses your +0 club.
Casting: Confusing Touch (safe; 1% risk of failure)
Confirm with . or Enter, or press ? or * to list all spells.
Aiming: Ensorcelled Hibernation (safe; 2% risk of failure)
Press: ? - help, Shift-Dir - straight line, f/p - gnoll
Aim: a gnoll (ally target, chance to affect: 64%)
Okay, then.
Okay, then.
As you read the scroll of teleportation {@r2}, it crumbles to dust.
You feel strangely unstable. The gnoll misses you. The gnoll hits you.
You die...

Skill      XL: |  1  2  3  4  5  6  7  8  9 |
---------------+----------------------------+-----
Stealth        | 5 6 7 9 10 | 10.9
Short Blades   | 2 3 4 5 7 |  7.0
Hexes          | 5 6 7 8 10 | 10.2
Dodging        | 3 4 5 6 7 |  7.4
Spellcasting   | 3 4 5 6 |  6.2

Action                   |  1- 3 |  4- 6 |  7- 9 || total
-------------------------+-------+-------+-------++-------
Melee: Dagger            |    90 |   113 |   316 ||   519
       Bite              |     5 |     9 |    38 ||    52
       Punch             |       |     1 |     8 ||     9
       Short sword       |       |       |    29 ||    29
Throw: Stone             |     2 |     1 |     5 ||     8
       Dart              |       |       |     2 ||     2
 Cast: Ensorcelled Hiber |    32 |    16 |    27 ||    75
       Confusing Touch   |       |    12 |    53 ||    65
       Tukima's Dance    |       |    10 |    19 ||    29
 Abil: Exsanguinate      |     1 |       |       ||     1
  Use: Scroll            |       |       |    13 ||    13
       Potion            |       |       |     3 ||     3
 Stab: Sleeping          |    33 |    17 |    52 ||   102
       Confused          |       |     9 |    42 ||    51
Armor: Robe              |     7 |     3 |    44 ||    54
Dodge: Dodged            |    34 |    62 |   176 ||   272

Levels and vault maps discovered:
D:1:      lemuel_arrival_muddy, layout_rooms
D:2:      layout_basic
D:3:      layout_loops_ring, gammafunk_ghost_icy, lexackson_kobold_supper
D:4:      layout_basic, mainiacjoe_overflow_24_doors, grunt_ministairs_15,
          kennysheep_generic_room_7, uniq_menkaure, uniq_sigmund
D:5:      layout_loops_corners, chequers_temple_overflow_statue_of_worship
D:6:      layout_basic, gup_sewer_entry_spiral, minivault_25,
          nicolae_water_bricks, kennysheep_dice, uniq_grinder
D:7:      layout_gridville, mainiacjoe_overflow_surrounded_room,
          grunt_temple_overflow_order_and_chaos_1, minmay_temple_entry_grid,
          serial_glass, glass_columns_c, glass_columns_a, uniq_pikel
D:8:      layout_cave_pods
Temple:   nicolae_temple_x_marks_the_god

Notes
Turn   | Place    | Note
-------+----------+-------------------------------------------
     0 | D:1      | infcreate the Vampire Enchanter began the quest for the
                  | Orb.
     0 | D:1      | Reached XP level 1. HP: 13/13 MP: 3/3
   461 | D:1      | Reached XP level 2. HP: 15/15 MP: 5/5
   464 | D:1      | Learned a level 2 spell: Ensorcelled Hibernation
  1427 | D:2      | Gained mutation: You are afflicted with vampirism and can
                  | become a bat while bloodless. [Vampire growth]
  1427 | D:2      | Reached XP level 3. HP: 19/19 MP: 2/6
  1431 | D:2      | Learned a level 3 spell: Confusing Touch
  1734 | D:2      | Reached skill level 5 in Stealth
  1919 | D:3      | Noticed shugdite's ghost (amateur MiFi)
  2474 | D:3      | Reached skill level 2 in Short Blades
  2474 | D:3      | Reached skill level 5 in Hexes
  2694 | D:3      | Reached XP level 4. HP: 24/24 MP: 7/7
  2698 | D:3      | Learned a level 3 spell: Tukima's Dance
  2813 | D:3      | Found a runed translucent gate.
  2821 | D:3      | Found a runed translucent gate.
  2821 | D:3      | Found a runed translucent gate.
  3066 | D:4      | Noticed Menkaure
  3075 | D:4      | Reached skill level 3 in Dodging
  3106 | D:4      | Killed Menkaure
  3107 | D:4      | Reached XP level 5. HP: 28/28 MP: 7/9
  3138 | D:4      | Reached skill level 3 in Spellcasting
  3491 | D:4      | Found a burning altar of Makhleb.
  3852 | D:4      | Reached skill level 3 in Short Blades
  3852 | D:4      | Reached skill level 6 in Stealth
  3852 | D:4      | Reached XP level 6. HP: 32/32 MP: 10/10
  3857 | D:4      | Learned a level 3 spell: Dazzling Flash
  4211 | D:4      | Reached skill level 6 in Hexes
  4266 | D:4      | Noticed Sigmund
  4457 | D:4      | Killed Sigmund
  4458 | D:4      | Reached skill level 4 in Dodging
  4598 | D:4      | Reached XP level 7. HP: 36/36 MP: 8/12
  4676 | D:5      | Entered Level 5 of the Dungeon
  5821 | D:3      | Killed shugdite's ghost
  5822 | D:3      | Reached skill level 7 in Stealth
  6114 | D:5      | Found a stormy altar of Qazlal.
  6116 | D:5      | Found an iron altar of Okawaru.
  6124 | D:5      | Reached skill level 4 in Short Blades
  6124 | D:5      | Reached skill level 7 in Hexes
  6194 | D:5      | Reached skill level 4 in Spellcasting
  6947 | D:6      | Reached skill level 5 in Dodging
  7008 | D:6      | Reached XP level 8. HP: 38/41 MP: 11/14
  7029 | D:6      | Noticed Grinder
  7041 | D:6      | Reached skill level 8 in Stealth
  7283 | D:6      | Found a glowing drain.
  7287 | Sewer    | Entered a sewer
  7515 | Sewer    | Reached skill level 8 in Hexes
  7517 | Sewer    | Reached skill level 5 in Short Blades
  8297 | D:6      | Noticed a two-headed ogre
  8773 | D:6      | HP: 1/41 [orc warrior (4)]
  8780 | D:6      | Reached skill level 5 in Spellcasting
  9545 | D:6      | Killed Grinder
  9546 | D:6      | Reached skill level 6 in Dodging
  9546 | D:6      | Reached skill level 9 in Stealth
  9748 | D:6      | Reached XP level 9. HP: 34/45 MP: 13/16
 10044 | D:5      | Killed a two-headed ogre
 10045 | D:5      | Reached skill level 6 in Short Blades
 10045 | D:5      | Reached skill level 9 in Hexes
 10108 | D:7      | Noticed an angel
 10110 | D:7      | Found a shimmering altar of Xom.
 10280 | D:7      | Reached skill level 10 in Stealth
 10400 | D:7      | Found a shimmering blue altar of Sif Muna.
 10563 | D:7      | Reached skill level 7 in Dodging
 10708 | D:7      | Found a staircase to the Ecumenical Temple.
 10759 | D:7      | Reached skill level 6 in Spellcasting
 10759 | D:7      | Noticed Pikel
 10783 | Temple   | Entered the Ecumenical Temple
 10832 | Temple   | Killed Pikel
 10833 | Temple   | Reached skill level 10 in Hexes
 10998 | Temple   | Became a worshipper of Dithmenos the Shadowed
 11313 | D:8      | Reached skill level 7 in Short Blades
 11443 | D:8      | Noticed a centaur warrior
 11452 | D:8      | HP: 3/45 [centaur warrior (2)]
 11455 | D:8      | Slain by a gnoll

Vanquished Creatures
  A two-headed ogre (D:5)
  Pikel (Temple)
  Grinder (D:6)
  Sigmund (D:4)
  Menkaure (D:4)
  2 orc warriors (D:6)
  2 ice beasts (D:6)
  A hornet zombie (D:7)
  2 black bears (D:7)
  The ghost of shugdite the Skirmisher, an amateur MiFi (D:3)
  A centaur (D:8)
  3 ogres
  A phantom (D:6)
  A bullfrog (D:7)
  2 scorpions
  A wyvern zombie (D:6)
  3 howler monkeys
  An electric eel (D:6)
  2 bullfrog zombies
  3 hounds
  A jelly (D:6)
  2 orc priests
  A gnoll shaman (D:7)
  3 orc wizards (D:7)
  A killer bee zombie (D:5)
  10 gnolls
  11 adders
  7 river rats (Sewer)
  A hound simulacrum (D:3)
  A howler monkey simulacrum (D:3)
  2 white imps
  2 adder skeletons (D:4)
  4 worms
  2 dart slugs
  3 adder simulacra (D:3)
  24 orcs
  7 endoplasms
  10 giant cockroaches
  5 goblins
  6 hobgoblins
  3 jackals (Sewer)
  12 kobolds
  9 quokkas
  11 ball pythons
  8 bats
  6 frilled lizards
  6 rats
189 creatures vanquished.

Vanquished Creatures (collateral kills)
  A gnoll (D:4)
  2 orcs (D:6)
3 creatures vanquished.

Vanquished Creatures (others)
  9 dancing weapons
  13 plants (D:3)
22 creatures vanquished.

Grand Total: 214 creatures vanquished

Table legend: (Time is in decaauts)
 A = Elapsed time spent in this place.
 B = Non-inter-level travel time spent in this place.
 C = Inter-level travel time spent in this place.
 D = Time resting spent in this place.
 E = Time spent auto-exploring this place.
 F = Levels seen in this place.
 G = Mean time per level.
                   A        B        C        D        E       F      G
               +--------+--------+--------+--------+--------+-----+--------+
         Total |  11571 |  10630 |    941 |   1523 |   6566 |  10 | 1157.1 |
       Dungeon |  10254 |   9329 |    925 |   1335 |   5909 |   8 | 1281.8 |
        Temple |    211 |    195 |     16 |    106 |     62 |   1 |  211.0 |
         Sewer |   1105 |   1105 |      0 |     82 |    594 |   1 | 1105.0 |
               +--------+--------+--------+--------+--------+-----+--------+

Top non-repeatable levels by time:
     D:3: 1946 daAuts
     D:5: 1843 daAuts
     D:6: 1655 daAuts
     D:4: 1479 daAuts
     D:2: 1433 daAuts
   Sewer: 1105 daAuts
     D:7: 899 daAuts
     D:1: 744 daAuts
     D:8: 252 daAuts
  Temple: 211 daAuts

Table legend:
 A = Non-vault XP
 B = Vault XP
 C = Vault XP percentage of total XP
 D = Non-vault monster count
 E = Vault monster count
 F = Vault count percentage of total count
                 A         B        C        D         E       F
            +---------+---------+-------+---------+---------+-------
      Total |    2985 |    2530 |  45.9 |     123 |      69 |  35.9
            +---------+---------+-------+---------+---------+-------
        D:1 |      20 |       0 |   0.0 |      11 |       0 |   0.0
        D:2 |      41 |       2 |   4.7 |      16 |       1 |   5.9
        D:3 |      50 |     176 |  77.9 |      16 |      14 |  46.7
        D:4 |     231 |     384 |  62.4 |      20 |       6 |  23.1
        D:5 |     434 |     811 |  65.1 |      14 |       1 |   6.7
        D:6 |    1019 |     319 |  23.8 |      17 |      10 |  37.0
        D:7 |    1047 |       0 |   0.0 |      21 |       0 |   0.0
        D:8 |     137 |       0 |   0.0 |       6 |       0 |   0.0
     Temple |       6 |     629 |  99.1 |       2 |       1 |  33.3
      Sewer |       0 |     209 | 100.0 |       0 |      36 | 100.0
            +---------+---------+-------+---------+---------+-------
